 Dungeon Crawl Stone Soup version 0.31-a0-675-g238779eb0a (webtiles) character file.

Game seed: 12425686294390890884

292 Revguard the Slasher (level 6, 0/48 HPs)
             Began as a Demonspawn Gladiator on Sept 5, 2023.
             Slain by Duvessa
             ... wielding a +2 short sword of speed
              (9 damage)
             ... on level 4 of the Dungeon.
             The game lasted 00:10:37 (3007 turns).

Revguard the Slasher (Demonspawn Gladiator)         Turns: 3007, Time: 00:10:37

Health: 0/48       AC:  7    Str: 15    XL:     6   Next: 10%
Magic:  8/8        EV: 12    Int:  9    God:
Gold:   155        SH:  4    Dex: 16    Spells: 5/5 levels left

rFire   . . .        f - +1 dagger (venom)
rCold   . . .        (no shield)
rNeg    . . .        p - +0 ring mail
rPois   .            c - +0 helmet
rElec   .            (no cloak)
rCorr   .            (no gloves)
SInv    .            (no boots)
Will    .....        (no amulet)
Stlth   +            (no ring)
HPRegen 0.28/turn    (no ring)
MPRegen 0.11/turn

%: no passive effects
@: no status effects
A: rugged brown scales 1, condensation shield, demonic touch 2
a: no special abilities


You were on level 4 of the Dungeon.
You visited 1 branch of the dungeon, and saw 4 of its levels.

You collected 155 gold pieces.

Inventory:

Hand Weapons
 a - a +0 long sword
 f - a +1 dagger of venom (weapon)
Missiles
 d - 3 throwing nets (quivered)
 e - a javelin
Armour
 b - a +0 leather armour
 c - a +0 helmet (worn)
 p - a +0 ring mail (worn)
Scrolls
 g - a scroll of noise
 h - 7 scrolls of teleportation
 i - 2 scrolls of revelation
 l - a scroll of poison {unknown}
 n - a scroll of fog
 q - a scroll of enchant armour {unknown}
Potions
 o - a potion of magic


   Skills:
 + Level 3.0 Fighting
 * Level 3.9 Long Blades
 - Level 1.7 Throwing
 + Level 1.9 Armour
 + Level 3.5 Dodging
 + Level 2.7 Invocations
 + Level 1.8 Evocations


You had 5 spell levels left.
You didn't know any spells.
Your spell library contained the following spells:

 Spells                   Type           Power      Damage    Failure   Level
 Shock                    Conj/Air       0%         1d3       61%         1
 Swiftness                Air            0%         N/A       93%         3
 Airstrike                Air            0%         2d(0-16)  100%        4


Dungeon Overview and Level Annotations

Branches:
Dungeon (4/15)
 Temple: D:4-7

Altars:
Nemelex Xobeh

Annotations:
D:4 Duvessa


Innate Abilities, Weirdness & Mutations

You are partially covered in rugged brown scales. (AC +1, +3% HP)
A meltable shield of frost defends you. (SH +4)
Your touch may inflict irresistible damage on your foes.


Message History

You start resting.
Magic restored.
You start resting.
Your extra speed is starting to run out.
You start resting.
You feel yourself slow down.
You start resting.
HP restored.
You climb downwards.
Level annotation: Duvessa Duvessa hits you but does no damage.
The quokka misses you.
Duvessa hits you with a +2 short sword of speed!
Duvessa barely misses you.
There is a stone staircase leading up, spattered with blood here.
Things that are here:
a +0 robe; a +2 dagger of venom; the elf corpse of Dowan You hit Duvessa but do no damage.
Duvessa is poisoned.
You punch Duvessa, but do no damage.
Duvessa is moderately wounded.
The quokka closely misses you. Duvessa misses you. Duvessa barely misses you.
The quokka closely misses you.
You hit Duvessa.
Duvessa looks as sick as possible!
You touch Duvessa!
Duvessa is heavily wounded.
Duvessa misses you. You block Duvessa's attack. The quokka barely misses you.
You closely miss Duvessa.
Duvessa is heavily wounded.
Duvessa closely misses you.
Duvessa hits you with a +2 short sword of speed!
The quokka bites you but does no damage.
You hit Duvessa but do no damage.
Duvessa looks as sick as possible!
Your touch misses Duvessa.
Duvessa is severely wounded.
Duvessa hits you with a +2 short sword of speed!
* * * LOW HITPOINT WARNING * * *
Duvessa hits you with a +2 short sword of speed.
* * * LOW HITPOINT WARNING * * *
The quokka bites you but does no damage.
It was a potion of magic.
Magic courses through your body.
Duvessa hits you with a +2 short sword of speed!
You die...

# ..# #.#######.####
............# ####
............# .. ..
###...#.##.###.# # .#
##. #.......e......#
##.###...
...#...####.##....
......#...####...####.#
#
##.##.##.......e@.....#
# .# #.#####...r....#
.. #...####..# ###
#..### ##...# # ##..###
#.... #.## #..##~ .#...
....###.##≈ .#.##
#.......#~ # ........'


You could see Duvessa (berserk, extremely poisoned) and a quokka.

Vanquished Creatures
  Dowan (D:4)
  An iguana (D:3)
  Natasha (twice) (D:4)
  Robin (D:2)
  6 adders
  A worm (D:4)
  3 dart slugs
  5 ball pythons (D:1)
  5 endoplasms
  4 giant cockroaches (D:1)
  20 goblins
  9 hobgoblins
  11 kobolds
  4 quokkas
  9 bats
  6 frilled lizards
  8 rats
96 creatures vanquished.

Notes
Turn   | Place    | Note
-------+----------+-------------------------------------------
     0 | D:1      | Revguard the Demonspawn Gladiator began the quest for the
                  | Orb.
     0 | D:1      | Reached XP level 1. HP: 16/16 MP: 1/1
    72 | D:1      | Gained mutation: You are partially covered in rugged brown
                  | scales. (AC +1, +3% HP) [demonic ancestry]
    72 | D:1      | Reached XP level 2. HP: 16/22 MP: 2/2
   249 | D:1      | Reached skill level 1 in Invocations
   324 | D:1      | Gained mutation: A meltable shield of frost defends you.
                  | (SH +4) [demonic ancestry]
   324 | D:1      | Reached XP level 3. HP: 25/28 MP: 3/3
  1099 | D:2      | Found a sparkling altar of Nemelex Xobeh.
  1189 | D:2      | You fall into a shaft and drop 2 floors!
  1237 | D:4      | Noticed Natasha
  1253 | D:4      | Killed Natasha
  1254 | D:4      | Reached skill level 1 in Armour
  1254 | D:4      | Reached skill level 1 in Evocations
  1254 | D:4      | Reached XP level 4. HP: 27/35 MP: 5/5
  1331 | D:4      | Noticed Natasha
  1355 | D:4      | Killed Natasha
  1616 | D:4      | Noticed Duvessa
  1767 | D:3      | Gained mutation: Your touch may inflict minor irresistible
                  | damage on your foes. [demonic ancestry]
  1767 | D:3      | Reached XP level 5. HP: 39/40 MP: 6/6
  2602 | D:2      | Noticed Robin
  2627 | D:2      | Killed Robin
  2666 | D:2      | Found a faded altar of an unknown god.
  2791 | D:4      | Noticed Dowan
  2809 | D:4      | Killed Dowan
  2810 | D:4      | Gained mutation: Your touch may inflict irresistible damage
                  | on your foes. [demonic ancestry]
  2810 | D:4      | Reached XP level 6. HP: 14/48 MP: 6/8
  2816 | D:4      | HP: 2/48 [Duvessa/+2 short sword of speed (3)]
  3007 | D:4      | Slain by Duvessa

Illustrated notes

Levels and vault maps discovered:
D:1:      dpeg_arrival_simpleton_a, layout_basic, minmay_vboxes
D:2:      layout_rooms, basic_altar, hellmonk_ecumenical_altar_prayer_group,
          uniq_robin
D:3:      layout_loops_ring
D:4:      layout_loops_cross, gammafunk_temple_overflow_claw, uniq_duvessa,
          uniq_natasha, uniq_ijyb, uniq_crazy_yiuf_cottage

Skill      XL: |  1  2  3  4  5 |
---------------+----------------+-----
Invocations    | 1 2 |  2.7
Long Blades    | 3 |  3.9
Dodging        | 3 |  3.5
Armour         | 1 |  1.9
Evocations     | 1 |  1.8
Fighting       | 3 |  3.0
Throwing       | |  1.7

Action                     |  1- 3 |  4- 6 || total
---------------------------+-------+-------++-------
  Melee: Long sword        |   144 |   103 ||   247
         Punch             |     2 |     1 ||     3
         Dagger            |       |    32 ||    32
         Touch             |       |    13 ||    13
    Use: Scroll            |     4 |     3 ||     7
         Potion            |     2 |     3 ||     5
   Stab: Invisible         |       |     1 ||     1
         Sleeping          |       |     1 ||     1
 Armour: Leather armour    |    81 |    52 ||   133
         Ring mail         |       |    45 ||    45
  Dodge: Dodged            |   118 |    99 ||   217
  Block: Other             |    23 |    30 ||    53

Table legend: (Time is in decaauts)
 A = Elapsed time spent in this place.
 B = Non-inter-level travel time spent in this place.
 C = Inter-level travel time spent in this place.
 D = Time resting spent in this place.
 E = Time spent auto-exploring this place.
 F = Levels seen in this place.
 G = Mean time per level.
                   A        B        C        D        E       F      G
               +--------+--------+--------+--------+--------+-----+--------+
         Total |   3059 |   2906 |    153 |    172 |   1899 |   4 |  764.8 |
       Dungeon |   3059 |   2906 |    153 |    172 |   1899 |   4 |  764.8 |
               +--------+--------+--------+--------+--------+-----+--------+

Top non-repeatable levels by time:
     D:1: 1072 daAuts
     D:3: 865 daAuts
     D:2: 604 daAuts
     D:4: 516 daAuts
